General information
			
			
        
        - name: goons
 
        - type: Custom game
 
        - host: jerund
 
        - saver: TIMG4STRok
 
        
map: JungleFever 
        - players: 6
 
        - length: 32:37
 
        - speed: Fast
 - version: 1.22 W3XP
 - replay type:  

 
» download(314 KB)
Players
        team 1 (winner) 
              
              
» 
jerund (
red | 46 APM | 1485 actions | 32:37)
              
 4 Blademaster 
 2 Wind Walk
 2 Critical Strike
 
                » actions 
                
                | Assign group hotkey | 23 |  | 
| Basic commands | 83 |  | 
| Build / train | 83 |  | 
| ESC pressed | 1 |  | 
| Enter build submenu | 22 |  | 
| Enter hero's abilities submenu | 4 |  | 
| Right click | 810 |  | 
| Select / deselect | 313 |  | 
| Select group hotkey | 94 |  | 
| Use ability | 52 |  | 
                1485 total
 » units 
                
                | Peon | 27 |  | 
| Grunt | 16 |  | 
| Troll Headhunter/Berserker | 9 |  | 
| Demolisher | 3 |  | 
| Makrura Deepseer | 1 |  | 
| Kodo Beast | 1 |  | 
| Raider | 5 |  | 
| Tauren | 2 |  | 
| Wind Rider | 1 |  | 
                65 total
 » upgrades
                
                | Armor | 3 |  | 
| Berserker Strength | 1 |  | 
| Melee Weapons | 1 |  | 
| Burning Oil | 1 |  | 
| Ranged Weapons | 2 |  | 
| Troll Regeneration | 1 |  | 
| Ensnare | 1 |  | 
| Envenomed Spears | 1 |  | 
                11 total
 » buildings
                
                | Barracks | 2 |  | 
| Altar of Storms | 1 |  | 
| Orc Burrow | 9 |  | 
| Stronghold | 1 |  | 
| War Mill | 1 |  | 
| Great Hall | 4 |  | 
| Fortress | 1 |  | 
| Beastiary | 1 |  | 
| Tauren Totem | 1 |  | 
                21 total
 » build order
                00:11 Barracks
00:23 Altar of Storms
00:44 Orc Burrow
01:41 Orc Burrow
02:15 Orc Burrow
02:57 Orc Burrow
03:49 Barracks
04:04 Stronghold
04:58 War Mill
08:31 Great Hall
09:34 Orc Burrow
09:42 Orc Burrow
09:54 Orc Burrow
10:01 Orc Burrow
10:10 Great Hall
10:47 Fortress
10:57 Beastiary
13:04 Orc Burrow
14:01 Great Hall
18:36 Tauren Totem
18:52 Great Hall
 
               team 2 (loser) 
              
              
» 
TIMG4STRok (
gray | 141 APM | 4609 actions | 32:37)
              
 6 Archmage 
 3 Summon Water Elemental
 2 Brilliance Aura
 1 Mass Teleport
 6 Mountain King 
 3 Storm Bolt
 2 Bash
 1 Avatar
 4 Paladin 
 2 Holy Light
 1 Divine Shield
 1 Devotion Aura
 
                » actions 
                
                | Assign group hotkey | 41 |  | 
| Basic commands | 179 |  | 
| Build / train | 104 |  | 
| Enter build submenu | 33 |  | 
| Enter hero's abilities submenu | 16 |  | 
| Give item / drop item | 3 |  | 
| Right click | 2072 |  | 
| Select / deselect | 446 |  | 
| Select group hotkey | 1544 |  | 
| Use ability | 171 |  | 
                4609 total
 » units 
                
                | Peasant | 18 |  | 
| Footman | 7 |  | 
| Spell Breaker | 3 |  | 
| Priest | 3 |  | 
| Sorceress | 3 |  | 
| Dragonhawk Rider | 5 |  | 
| Gryphon Rider | 1 |  | 
                40 total
 » upgrades
                
                | Masonry | 3 |  | 
| Priest Training | 2 |  | 
| Sorceress Training | 2 |  | 
| Animal War Training | 1 |  | 
| Swords | 3 |  | 
| Cloud | 1 |  | 
| Lumber Harvesting | 2 |  | 
| Armor | 3 |  | 
| Control Magic | 1 |  | 
| Magic Sentry | 1 |  | 
| Storm Hammers | 1 |  | 
| Plating | 1 |  | 
                21 total
 » buildings
                
                | Altar of Kings | 1 |  | 
| Barracks | 1 |  | 
| Farm | 11 |  | 
| Lumber Mill | 1 |  | 
| Scout Tower | 11 |  | 
| Arcane Tower | 2 |  | 
| Arcane Vault | 1 |  | 
| Keep | 1 |  | 
| Arcane Sanctum | 2 |  | 
| Castle | 2 |  | 
| Gryphon Aviary | 2 |  | 
| Town Hall | 2 |  | 
| Blacksmith | 1 |  | 
| Guard Tower | 3 |  | 
                41 total
 » build order
                00:11 Altar of Kings
00:22 Barracks
00:35 Farm
01:26 Farm
01:39 Farm
01:48 Lumber Mill
02:36 Farm
02:39 Scout Tower
03:34 Arcane Tower
03:54 Arcane Vault
05:00 Keep
05:18 Farm
05:19 Farm
06:39 Farm
07:55 Arcane Sanctum
07:55 Arcane Sanctum
10:52 Castle
10:52 Castle
12:33 Gryphon Aviary
12:34 Gryphon Aviary
13:04 Farm
13:05 Farm
13:12 Farm
13:35 Town Hall
13:39 Scout Tower
13:40 Scout Tower
13:41 Scout Tower
13:59 Blacksmith
14:14 Guard Tower
14:16 Scout Tower
14:48 Guard Tower
21:09 Farm
23:48 Town Hall
25:17 Scout Tower
25:18 Scout Tower
26:24 Guard Tower
29:38 Scout Tower
29:38 Scout Tower
29:39 Scout Tower
29:40 Scout Tower
30:10 Arcane Tower
» items
                
                | Boots of Speed | 2 |  | 
| Scroll of Regeneration | 2 |  | 
| Lesser Clarity Potion | 2 |  | 
| Staff of Sanctuary | 2 |  | 
| Scroll of Town Portal | 1 |  | 
| Potion of Healing | 1 |  | 
| Scroll of Healing | 2 |  | 
| Scroll of Protection | 2 |  | 
| Potion of Mana | 1 |  | 
                15 total
  
               team 3 (loser) 
              
              
BRAUMS (
teal | 105 APM | 3283 actions | 31:12)
              
 6 Warden 
 3 Shadow Strike
 2 Blink
 1 Spirit of Vengeance
 5 Keeper of the Grove 
 3 Entangling Roots
 2 Thorns Aura
 
                » actions 
                
                | Assign group hotkey | 35 |  | 
| Basic commands | 215 |  | 
| Build / train | 95 |  | 
| ESC pressed | 8 |  | 
| Enter build submenu | 24 |  | 
| Enter hero's abilities submenu | 11 |  | 
| Right click | 1441 |  | 
| Select / deselect | 812 |  | 
| Select group hotkey | 517 |  | 
| Use ability | 125 |  | 
                3283 total
 » units 
                
                | Wisp | 27 |  | 
| Archer | 12 |  | 
| Dryad | 4 |  | 
| Druid of the Talon | 3 |  | 
| Faerie Dragon | 2 |  | 
| Chimaera | 5 |  | 
| Hippogryph | 7 |  | 
                60 total
 » upgrades
                
                | Strength of the Moon | 1 |  | 
| Strength of the Wild | 3 |  | 
| Improved Bows | 1 |  | 
| Abolish Magic | 1 |  | 
| Druid of the Talon Training | 2 |  | 
| Mark of the Talon | 1 |  | 
| Corrosive Breath | 1 |  | 
| Marksmanship | 1 |  | 
| Reinforced Hides | 1 |  | 
| Well Spring | 1 |  | 
                13 total
 » buildings
                
                | Altar of Elders | 1 |  | 
| Moon Well | 6 |  | 
| Ancient of War | 1 |  | 
| Ancient of Wonders | 1 |  | 
| Tree of Ages | 1 |  | 
| Hunter's Hall | 1 |  | 
| Ancient of Lore | 1 |  | 
| Ancient of Wind | 1 |  | 
| Tree of Eternity | 1 |  | 
| Chimaera Roost | 1 |  | 
| Tree of Life | 8 |  | 
                23 total
 » build order
                00:04 Altar of Elders
00:06 Moon Well
00:52 Ancient of War
01:30 Moon Well
02:08 Moon Well
04:32 Ancient of Wonders
06:25 Tree of Ages
06:35 Hunter's Hall
07:08 Moon Well
08:48 Ancient of Lore
08:50 Ancient of Wind
11:00 Tree of Eternity
11:38 Moon Well
12:25 Moon Well
14:13 Chimaera Roost
16:35 Tree of Life
21:02 Tree of Life
21:55 Tree of Life
22:34 Tree of Life
22:59 Tree of Life
24:34 Tree of Life
25:10 Tree of Life
27:04 Tree of Life
» items
                
                | Lesser Clarity Potion | 2 |  | 
| Moonstone | 1 |  | 
| Scroll of Town Portal | 2 |  | 
| Orb of Venom | 1 |  | 
                6 total
  
               team 4 (loser) 
              
              
» 
bLinn (
purple | 119 APM | 3822 actions | 32:07)
              
 6 Mountain King 
 3 Storm Bolt
 2 Bash
 1 Avatar
 5 Paladin 
 3 Holy Light
 2 Divine Shield
 3 Blood Mage 
 2 Banish
 1 Siphon Mana
 
                » actions 
                
                | Assign group hotkey | 96 |  | 
| Basic commands | 31 |  | 
| Build / train | 124 |  | 
| Enter build submenu | 25 |  | 
| Enter hero's abilities submenu | 15 |  | 
| Give item / drop item | 9 |  | 
| Remove unit from queue | 3 |  | 
| Right click | 1660 |  | 
| Select / deselect | 595 |  | 
| Select group hotkey | 1121 |  | 
| Use ability | 142 |  | 
                3822 total
 » units 
                
                | Peasant | 22 |  | 
| Footman | 7 |  | 
| Dragonhawk Rider | 3 |  | 
| Gryphon Rider | 6 |  | 
| Priest | 3 |  | 
| Sorceress | 1 |  | 
| Knight | 1 |  | 
                43 total
 » upgrades
                
                | Defend | 1 |  | 
| Masonry | 3 |  | 
| Lumber Harvesting | 2 |  | 
| Swords | 3 |  | 
| Armor | 2 |  | 
| Animal War Training | 1 |  | 
| Storm Hammers | 1 |  | 
| Magic Sentry | 1 |  | 
| Sorceress Training | 2 |  | 
| Priest Training | 2 |  | 
| Cloud | 1 |  | 
                19 total
 » buildings
                
                | Altar of Kings | 1 |  | 
| Farm | 12 |  | 
| Barracks | 1 |  | 
| Lumber Mill | 1 |  | 
| Scout Tower | 1 |  | 
| Keep | 2 |  | 
| Arcane Vault | 1 |  | 
| Arcane Tower | 2 |  | 
| Blacksmith | 1 |  | 
| Town Hall | 3 |  | 
| Gryphon Aviary | 2 |  | 
| Castle | 3 |  | 
| Arcane Sanctum | 1 |  | 
                31 total
 » build order
                00:02 Altar of Kings
00:09 Farm
00:18 Barracks
00:46 Farm
01:22 Lumber Mill
01:51 Farm
02:20 Scout Tower
04:21 Keep
04:21 Keep
04:23 Arcane Vault
04:28 Arcane Tower
04:29 Arcane Tower
04:33 Blacksmith
06:20 Town Hall
07:00 Farm
07:04 Farm
09:34 Gryphon Aviary
09:36 Gryphon Aviary
10:41 Farm
10:42 Farm
10:43 Farm
10:55 Castle
10:55 Castle
10:55 Castle
11:59 Farm
12:01 Farm
15:10 Town Hall
16:21 Arcane Sanctum
25:11 Farm
25:12 Farm
27:31 Town Hall
» items
                
                | Scroll of Regeneration | 3 |  | 
| Lesser Clarity Potion | 2 |  | 
| Boots of Speed | 1 |  | 
| Mechanical Critter | 1 |  | 
| Staff of Sanctuary | 2 |  | 
| Scroll of Healing | 2 |  | 
| Scroll of Protection | 1 |  | 
| Scroll of Town Portal | 2 |  | 
| Orb of Fire | 1 |  | 
                15 total
  
               team 5 (loser) 
              
              
greedoFthenoob (
yellow | 44 APM | 1430 actions | 32:37)
              
 2 Archmage 
 1 Summon Water Elemental
 1 Brilliance Aura
 
                » actions 
                
                | Assign group hotkey | 18 |  | 
| Basic commands | 42 |  | 
| Build / train | 72 |  | 
| ESC pressed | 10 |  | 
| Enter build submenu | 24 |  | 
| Enter hero's abilities submenu | 2 |  | 
| Remove unit from queue | 2 |  | 
| Right click | 697 |  | 
| Select / deselect | 455 |  | 
| Select group hotkey | 28 |  | 
| Use ability | 80 |  | 
                1430 total
 » units 
                » upgrades
                » buildings
                
                | Altar of Kings | 1 |  | 
| Barracks | 1 |  | 
| Farm | 7 |  | 
| Scout Tower | 10 |  | 
| Lumber Mill | 1 |  | 
| Arcane Tower | 1 |  | 
| Guard Tower | 5 |  | 
| Arcane Vault | 2 |  | 
| Keep | 1 |  | 
                29 total
 » build order
                00:08 Altar of Kings
00:21 Barracks
00:33 Farm
01:03 Farm
01:34 Scout Tower
01:55 Lumber Mill
01:58 Farm
02:41 Arcane Tower
03:01 Scout Tower
03:25 Guard Tower
03:32 Scout Tower
04:07 Guard Tower
04:08 Scout Tower
04:10 Scout Tower
04:54 Scout Tower
05:13 Guard Tower
05:21 Scout Tower
05:26 Scout Tower
05:38 Guard Tower
06:49 Arcane Vault
07:47 Farm
07:51 Farm
08:32 Farm
11:08 Arcane Vault
12:00 Scout Tower
12:01 Scout Tower
12:07 Farm
12:31 Guard Tower
13:27 Keep
» items
                
                | Scroll of Regeneration | 2 |  | 
| Lesser Clarity Potion | 2 |  | 
                4 total
  
               team 6 (loser) 
              
              
» 
TALONSAREIMBA (
blue | 71 APM | 2307 actions | 32:37)
              
 2 Archmage 
 1 Blizzard
 1 Brilliance Aura
 1 Blood Mage 
 1 Flame Strike
 
                » actions 
                
                | Assign group hotkey | 116 |  | 
| Basic commands | 27 |  | 
| Build / train | 33 |  | 
| ESC pressed | 5 |  | 
| Enter build submenu | 24 |  | 
| Enter hero's abilities submenu | 3 |  | 
| Give item / drop item | 4 |  | 
| Remove unit from queue | 1 |  | 
| Right click | 930 |  | 
| Select / deselect | 322 |  | 
| Select group hotkey | 765 |  | 
| Use ability | 77 |  | 
                2307 total
 » units 
                
                | Peasant | 6 |  | 
| Footman | 3 |  | 
| Spell Breaker | 4 |  | 
| Sorceress | 1 |  | 
                14 total
 » upgrades
                » buildings
                
                | Altar of Kings | 3 |  | 
| Farm | 5 |  | 
| Lumber Mill | 1 |  | 
| Barracks | 1 |  | 
| Arcane Vault | 1 |  | 
| Keep | 1 |  | 
| Scout Tower | 3 |  | 
| Arcane Tower | 2 |  | 
| Arcane Sanctum | 2 |  | 
| Town Hall | 1 |  | 
                20 total
 » build order
                00:12 Altar of Kings
00:19 Farm
00:27 Lumber Mill
01:40 Barracks
02:05 Farm
02:21 Arcane Vault
03:26 Keep
03:30 Scout Tower
05:31 Farm
05:33 Scout Tower
06:06 Arcane Tower
06:17 Arcane Sanctum
10:42 Scout Tower
11:01 Arcane Sanctum
11:23 Arcane Tower
13:30 Farm
13:34 Altar of Kings
13:49 Altar of Kings
16:26 Farm
18:12 Town Hall
» items
                
                | Scroll of Regeneration | 1 |  | 
| Potion of Healing | 1 |  | 
| Scroll of Town Portal | 1 |  | 
| Potion of Invisibility | 3 |  | 
| Potion of Lesser Invulnerability | 1 |  | 
| Staff of Teleportation | 2 |  | 
                9 total
  
                Chat log
          (00:11 / All) greedoFthenoob: im making a tower
(00:14 / All) greedoFthenoob: one tower
(00:15 / All) greedoFthenoob: so fuck you
(00:45 / All) greedoFthenoob: so you arent allowed to tower up an expo?
(01:26 / All) greedoFthenoob: this map is gyy yo
(05:18 / All) TALONSAREIMBA: TRUCE?
(05:42 / All) TIMG4STRok: 600DD   Dota Distance
(05:59 / All) bLinn: blizzardeded.
(06:32 / All) BRAUMS: my dick in turk's facer
(06:40 / All) greedoFthenoob: w/e 
(06:40 / All) BRAUMS: 8llllllllD O:
(06:42 / All) greedoFthenoob: you lucky map sux
(06:47 / All) BRAUMS: OK I was 2v1ed
(06:48 / All) BRAUMS: in my base
(06:50 / All) BRAUMS: And u tower rushed
(07:52 / All) BRAUMS: get rdy to be my bitch all game
(08:15 / All) greedoFthenoob: manner
(12:25 / All) greedoFthenoob: yo
(12:28 / All) greedoFthenoob: someone kill braums tia
(12:36 / All) BRAUMS: crybaby
(12:45 / All) BRAUMS: u spawn next to me
(12:46 / All) BRAUMS: bad luck
(15:05 / All) BRAUMS: roflmao
(15:05 / All) BRAUMS: turk
(15:25 / All) greedoFthenoob: basically
(16:52 / All) greedoFthenoob: talons doubled braums with me
(16:53 / All) greedoFthenoob: and we both died
(17:00 / All) TALONSAREIMBA: i am talons
(17:02 / All) TALONSAREIMBA: ?
(17:03 / All) BRAUMS: blinn*
(17:06 / All) greedoFthenoob: oh
(17:15 / All) BRAUMS: cant touch my ffa ne sorry
(17:22 / All) greedoFthenoob: ur a llil noob
(17:26 / All) greedoFthenoob: lucky map sucked
(17:28 / All) BRAUMS: Spawn next to me
(17:31 / All) BRAUMS: and get a free loss
(17:53 / All) greedoFthenoob: wait so jerund lived longer than me
(17:57 / All) greedoFthenoob: this is an embarassment
(17:59 / All) BRAUMS: jerund didnt spawn
(18:01 / All) BRAUMS: next to braums
(32:06 / All) bLinn: G_G